 Seeded DCSS version 0.29.1-15-g9cfb28693d (webtiles) character file.

Game seed: 9319893146637693751 (custom seed)

2457 bmack86 the Cleaver (level 9, -2/70 HPs)
             Began as a Minotaur Fighter on Apr 8, 2024.
             Was an Initiate of Gozag.
             Killed from afar by an electric eel (7 damage)
             ... with a bolt of electricity
             ... on level 6 of the Dungeon.
             The game lasted 00:13:14 (6739 turns).

bmack86 the Cleaver (Minotaur Fighter)              Turns: 6739, Time: 00:13:15

Health: -2/70      AC: 25    Str: 31    XL:     9   Next: 26%
Magic:  8/8        EV:  5    Int:  5    God:    Gozag
Gold:   665        SH:  4    Dex:  9    Spells: 8/8 levels left

rFire   + . .      SeeInvis .   w - +0 broad axe (flame)
rCold   . . .      Faith    .   c - +0 buckler
rNeg    . . .      Spirit   .   f - +9 crystal plate armour of Day {rPois Str+5 Stlth-}
rPois   +          Reflect  .   (helmet restricted)
rElec   .          Harm     .   (no cloak)
rCorr   +          Rampage  .   (no gloves)
Will    .....                   (no boots)
Stlth   ..........              (no amulet)
HPRegen 0.21/turn               j - ring "Jaqoon" {rF+ Slay+5}
MPRegen 0.11/turn               p - ring of resist corrosion

@: very slow
A: horns 2, retaliatory headbutt
a: Renounce Religion, Potion Petition, Call Merchant, Bribe Branch


You were on level 6 of the Dungeon.
You worshipped Gozag.
Gozag was pleased with you.
You visited 2 branches of the dungeon, and saw 7 of its levels.

You collected 1023 gold pieces.
You spent 294 gold pieces at shops.
You paid 64 gold pieces to Gozag.

Inventory:

Hand Weapons
 a - a +0 war axe
 m - a +3 antimagic broad axe
 w - a +0 broad axe of flaming (weapon)
Missiles
 i - 17 poisoned darts
 s - 6 boomerangs (quivered)
 A - 2 throwing nets
Armour
 c - a +0 buckler (worn)
 f - the +9 crystal plate armour of Day (worn) {rPois Str+5 Stlth-}
   (You acquired it on level 4 of the Dungeon)

   Str:       It affects your strength (+5).
   rPois:     It protects you from poison.
   Stlth:     It makes you less stealthy.
Jewellery
 j - the ring "Jaqoon" (left hand) {rF+ Slay+5}
   (You acquired it on level 6 of the Dungeon)

   [ring of protection from fire]

   Slay:      It affects your accuracy & damage with ranged weapons and melee
   (+5).
   rF:        It protects you from fire.
 p - a ring of resist corrosion (right hand)
 y - an amulet of magic regeneration
Wands
 l - a wand of iceblast (8)
 x - a wand of polymorph (25)
Scrolls
 q - a scroll of poison
 r - 4 scrolls of immolation
 u - a scroll of teleportation
Potions
 b - a potion of degeneration {unknown}
 d - 3 potions of might
 e - 2 potions of brilliance
 g - 2 potions of magic
 h - a potion of ambrosia
 k - a potion of lignification
 n - 3 potions of curing
 o - 3 potions of mutation
 t - a potion of flight
 v - 3 potions of heal wounds
 z - a potion of cancellation {unknown}


   Skills:
 - Level 3.6 Fighting
 + Level 14.8 Axes
 - Level 3.6 Armour
 - Level 3.6 Shields


You had 8 spell levels left.
You didn't know any spells.
Your spell library contained the following spells:

 Spells                   Type           Power      Damage    Failure   Level
 Sting                    Tmut/Pois      0%         1d3       100%        1
 Poisonous Vapours        Pois/Air       0%         N/A       100%        2
 Olgreb's Toxic Radiance  Pois           0%         N/A       100%        4


Dungeon Overview and Level Annotations

Branches:
Dungeon (6/15)             Temple (1/1) D:6

Altars:
Ashenzari
Elyvilon
Gozag
Kikubaaqudgha
Makhleb
Nemelex Xobeh
Qazlal
Trog
Uskayaw
Vehumet
Wu Jian
Yredelemnul
Zin

Shops:
D:4 *!(


Innate Abilities, Weirdness & Mutations

You have a pair of horns on your head.
You reflexively headbutt those who attack you in melee.


Message History

Why would you want to do that? You block the sky beast's attack.
The sky beast hits you but does no damage.
You hit the sky beast but do no damage. You headbutt the sky beast!
The sky beast is almost dead.
The sky beast hits you but does no damage.
You hit the sky beast. You burn the sky beast.
You kill the sky beast!
You now have 660 gold pieces (gained 13).
You now have 665 gold pieces (gained 5).
An electric eel comes into view.
The electric eel shoots out a bolt of lightning at you!
The bolt of electricity hits you!
The electric eel shoots out a bolt of lightning at you!
The bolt of electricity hits you.
The electric eel shoots out a bolt of lightning at you!
The bolt of electricity hits you but does no damage.
The electric eel shoots out a bolt of lightning at you!
The bolt of electricity hits you but does no damage.
The bolt of electricity hits you!
You enter the shallow water.
Moving in this stuff is going to be slow.
Your unstable footing causes you to fumble your attack.
The electric eel shoots out a bolt of lightning at you!
The bolt of electricity hits you! x2
You barely miss the electric eel.
The electric eel shoots out a bolt of lightning at you!
The bolt of electricity hits you but does no damage.
The bolt of electricity hits you!
* * * LOW HITPOINT WARNING * * *
Your unstable footing causes you to fumble your attack.
You miss the electric eel. You headbutt the electric eel.
The electric eel is lightly wounded.
Your unstable footing causes you to fumble your attack.
The electric eel shoots out a bolt of lightning at you!
The bolt of electricity hits you!
* * * LOW HITPOINT WARNING * * *
The bolt of electricity hits you!
You die...
Your body crumbles into a pile of gold.

......#.##.###.# ###.#
...............# #.#
..##.>.######### #.# ..###.##
#.# #.###.## #.###
.......#################...##
............................#
............................#
~~~.~~.~~..~~.~~@~~~~~~~~~~~#
~~≈~~~≈~≈~~~~~~~S~~≈~~~~~~~≈#
≈≈≈≈≈≈≈≈≈≈≈≈≈≈≈≈≈≈≈≈≈≈≈~≈~~≈#
≈≈≈≈≈≈≈≈≈≈≈≈≈≈#####≈≈≈≈≈≈≈≈≈#
###############...#≈≈≈≈≈≈≈≈≈#
..............#...#≈≈≈≈≈≈≈≈≈#
..............#...#≈≈≈≈≈≈≈≈≈#
..............##'##≈≈≈≈≈≈≈≈##
...########......#≈≈≈≈≈≈≈≈≈#


You could see an electric eel.

Vanquished Creatures
  Pikel (D:4)
  A wyvern (D:6)
  A sky beast (D:6)
  3 black bears (D:6)
  An orc warrior (D:6)
  2 ogres (D:6)
  3 lemures
  2 kobold brigands (D:6)
  A phantom (D:5)
  A scorpion (D:4)
  A necrophage (D:5)
  3 electric eels (D:6)
  A howler monkey (D:4)
  4 orc priests
  5 hounds
  A gnoll bouda (D:5)
  A jelly (D:5)
  Natasha (thrice) (D:4)
  2 iguanas
  14 gnolls
  4 adders
  2 shadow imps
  A white imp (D:5)
  An ufetubus (D:5)
  2 worms
  14 orcs
  9 endoplasms
  2 giant cockroaches
  7 goblins
  9 hobgoblins
  3 quokkas
  3 ball pythons
  6 bats
  4 frilled lizards
  39 kobolds
  5 rats
162 creatures vanquished.

Vanquished Creatures (others)
  6 plants (D:3)
6 creatures vanquished.

Grand Total: 168 creatures vanquished

Notes
Turn   | Place    | Note
-------+----------+-------------------------------------------
     0 | D:1      | bmack86 the Minotaur Fighter began the quest for the Orb.
     0 | D:1      | Reached XP level 1. HP: 19/19 MP: 0/0
    57 | D:1      | Reached skill level 3 in Axes
    60 | D:1      | Reached XP level 2. HP: 21/26 MP: 1/1
   384 | D:1      | Reached skill level 4 in Axes
   860 | D:2      | Found a faded altar of an unknown god.
   968 | D:2      | Reached XP level 3. HP: 28/31 MP: 2/2
  2270 | D:3      | Reached skill level 5 in Axes
  2793 | D:4      | Noticed a scorpion
  2804 | D:4      | Killed a scorpion
  2805 | D:4      | Reached skill level 6 in Axes
  2805 | D:4      | Reached XP level 4. HP: 20/39 MP: 3/3
  3004 | D:4      | Noticed a lemure
  3004 | D:4      | Noticed a lemure
  3006 | D:4      | Noticed Pikel
  3014 | D:5      | Entered Level 5 of the Dungeon
  3019 | D:5      | Killed a lemure
  3022 | D:5      | Killed a lemure
  3125 | D:4      | Noticed a lemure
  3125 | D:4      | Noticed a lemure
  3130 | D:4      | Killed a lemure
  3144 | D:4      | Killed Pikel
  3145 | D:4      | Reached skill level 9 in Axes
  3145 | D:4      | Reached XP level 5. HP: 42/45 MP: 4/4
  3145 | D:4      | Reached XP level 6. HP: 48/51 MP: 5/5
  3145 | D:4      | Reached XP level 7. HP: 53/57 MP: 6/6
  3564 | D:4      | Found an opulent altar of Gozag.
  3608 | D:4      | Found Larauhoi's Antique Weapon Emporium.
  3612 | D:4      | Found Naiwuwer's Distillery.
  3612 | D:4      | Found Neregum's General Store.
  3662 | D:4      | Bought a potion of heal wounds for 70 gold pieces
  3709 | D:4      | Became a worshipper of Gozag Ym Sagoz the Greedy
  3714 | D:4      | Identified a scroll of acquirement
  3714 | D:4      | Acquired the +9 crystal plate armour of Day {rPois Str+5
                  | Stlth-}
  3783 | D:4      | Noticed Natasha
  3811 | D:4      | Reached skill level 10 in Axes
  3909 | D:4      | Killed Natasha
  3932 | D:4      | Noticed Natasha
  3943 | D:4      | Killed Natasha
  3958 | D:4      | Noticed Natasha
  3970 | D:4      | Killed Natasha
  4060 | D:4      | Identified the +0 robe "Meath" {Int+4 Stlth+ Archmagi}
  4443 | D:5      | Reached skill level 11 in Axes
  4465 | D:5      | Reached XP level 8. HP: 55/64 MP: 7/7
  4735 | D:5      | Found a bloodstained altar of Trog.
  4797 | D:5      | Reached skill level 12 in Axes
  5062 | D:6      | Found a staircase to the Ecumenical Temple.
  5076 | Temple   | Entered the Ecumenical Temple
  5243 | D:6      | Reached skill level 13 in Axes
  5295 | D:6      | Acquired the ring "Jaqoon" {rF+ Slay+5}
  5386 | D:4      | Bought a runed broad axe for 224 gold pieces
  5662 | D:6      | Reached skill level 14 in Axes
  5662 | D:6      | Reached XP level 9. HP: 64/70 MP: 8/8
  6739 | D:6      | Killed from afar by an electric eel

Illustrated notes

Levels and vault maps discovered:
D:1:      evilmike_arrival_rings, layout_basic, interstate_on_off
D:2:      layout_loops_ring, ebering_ecumenical_altar_sacrificial,
          minmay_pentomino_o4
D:3:      wad_lake_hut, layout_basic, grunt_decor_mini_mirrors
D:4:      layout_rooms, kennysheep_mini_moat, nicolae_wooded_promenade,
          uniq_pikel, uniq_natasha
D:5:      layout_cave_pools, mainiacjoe_overflow_brackets
D:6:      minmay_goblin_kobold_castle, layout_basic,
          minmay_temple_entry_mini_moons, kennysheep_small_square
Temple:   hellmonk_temple_forest_ring

Skill      XL: |  1  2  3  4  5  6  7  8 |
---------------+-------------------------+-----
Axes           | 3 4 6 9 11 14 | 14.8
Fighting       | |  3.6
Armour         | |  3.6
Shields        | |  3.6

Action                   |  1- 3 |  4- 6 |  7- 9 || total
-------------------------+-------+-------+-------++-------
Melee: War axe           |    84 |    11 |   125 ||   220
       Headbutt          |    14 |     2 |    28 ||    44
       Unarmed           |       |    10 |    12 ||    22
       Broad axe         |       |       |    76 ||    76
Throw: Dart              |     3 |       |       ||     3
       Boomerang         |     1 |       |     3 ||     4
  Use: Scroll            |     6 |       |    14 ||    20
       Potion            |       |     1 |     1 ||     2
 Stab: Distracted        |       |       |     3 ||     3
Armor: Scale mail        |    51 |     4 |       ||    55
       Crystal plate arm |       |       |   155 ||   155
       Chain mail        |       |       |     6 ||     6
Dodge: Dodged            |    52 |    18 |    46 ||   116
Block: Buckler           |    21 |     4 |    48 ||    73
